 Dungeon Crawl Stone Soup version 0.28-b1-70-g80dc712255 (webtiles) character file.

Game seed: 3802119989588153886

2 pkoi the Conjurer (level 1, 0/14 HPs)
             Began as a Draconian Conjurer on Feb 3, 2022.
             Slain by a frilled lizard (1 damage)
             ... on level 1 of the Dungeon.
             The game lasted 00:00:08 (117 turns).

pkoi the Conjurer (Draconian Conjurer)               Turns: 117, Time: 00:00:09

Health: 0/14       AC:  4    Str:  9    XL:     1   Next: 25%
Magic:  2/3        EV: 12    Int: 18    God:
Gold:   8          SH:  0    Dex:  9    Spells: 3/4 levels left

rFire   . . .      SeeInvis .   (no weapon)
rCold   . . .      Faith    .   (no shield)
rNeg    . . .      Spirit   .   (armour unavailable)
rPois   .          Reflect  .   (helmet restricted)
rElec   .          Harm     .   (no cloak)
rCorr   .          Rampage  .   (no gloves)
Will    .....                   (no boots)
Stlth   ++........              (no amulet)
HPRegen 0.04/turn               (no ring)
MPRegen 0.08/turn               (no ring)

@: no status effects
A: AC +4, unfitting armour, cold-blooded
a: no special abilities


You were on level 1 of the Dungeon.
You visited 1 branch of the dungeon, and saw 1 of its levels.

You collected 8 gold pieces.

You aren't carrying anything.


   Skills:
 - Level 1.7 Dodging
 - Level 1.7 Stealth
 + Level 2.0 Spellcasting
 * Level 4.0 Conjurations


You had 3 spell levels left.
You knew the following spells:

 Your Spells              Type           Power      Damage    Failure   Level
a - Magic Dart            Conj           64%        1d6       3%          1

Your spell library contained the following spells:

 Spells                   Type           Power      Damage    Failure   Level
 Searing Ray              Conj           32%        2d5       4%          2
 Dazzling Flash           Conj/Hex       18%        N/A       24%         3
 Fulminant Prism          Conj/Hex       4%         3d6       61%         4
 Iskenderun's Mystic Bla  Conj/Tloc      9%         2d4       61%         4


Dungeon Overview and Level Annotations

Branches:
Dungeon (1/15)

Altars:


Innate Abilities, Weirdness & Mutations

Your plain brown scales are hard. (AC +4)
You cannot fit into any form of body armour.
You are cold-blooded and may be slowed by cold attacks.


Message History

You barely miss the jackal. The jackal bites you. The jackal misses you.
You hit the jackal.
Your tail-slap misses the jackal.
The jackal is moderately wounded.
The jackal barely misses you.
You hit the jackal but do no damage.
The jackal is moderately wounded.
The jackal bites you. The jackal misses you.
You hit the jackal.
Your tail-slap misses the jackal.
The jackal is heavily wounded.
The jackal barely misses you.
You barely miss the jackal.
The jackal is heavily wounded.
The jackal bites you.
You closely miss the jackal. You tail-slap the jackal.
The jackal is almost dead.
The jackal bites you but does no damage. x2
You miss the jackal.
Your tail-slap misses the jackal.
The jackal is almost dead.
The jackal closely misses you.
You completely miss the jackal.
The jackal is almost dead.
The jackal barely misses you.
The jackal bites you but does no damage.
You barely miss the jackal.
The jackal is almost dead.
The jackal bites you.
* * * LOW HITPOINT WARNING * * *
You hit the jackal but do no damage.
The jackal is almost dead.
The jackal bites you.
* * * LOW HITPOINT WARNING * * *
You hit the jackal.
You kill the jackal!
You hit the frilled lizard but do no damage.
The frilled lizard misses you.
You barely miss the frilled lizard.
Your tail-slap misses the frilled lizard.
The frilled lizard misses you.
You miss the frilled lizard. The frilled lizard bites you.
You die...

#..##≈##..# ..#
##.P#≈#P..# #.[.
##..P.P...# #..#
#........## ##..#
#....<...# ....#.#
#........# ##.....#
#...P.P..# #wh#
#..P#≈#P.####l##
####..##≈##..##.@# .
......≈≈≈≈≈..##..###...
#####.##≈##..##......#.
#.P#≈#P............#
#..P.P..############
#.......# ####.#### #.#
#.#


You could see a dart slug, a jackal and a frilled lizard.

Vanquished Creatures
  A jackal (D:1)
  A bat (D:1)
2 creatures vanquished.

Notes
Turn   | Place    | Note
-------+----------+-------------------------------------------
     0 | D:1      | pkoi the Draconian Conjurer began the quest for the Orb.
     0 | D:1      | Reached XP level 1. HP: 14/14 MP: 3/3
   117 | D:1      | Slain by a frilled lizard

Illustrated notes

Levels and vault maps discovered:
D:1:      eino_arrival_water_cross, layout_loops_corners, serial_forest,
          infiniplex_forest_3_way, infiniplex_forest_clump_large,
          infiniplex_forest_end_double, infiniplex_forest_clump_double,
          infiniplex_forest_end_1, infiniplex_forest_end_1,
          dreamdust_ecumenical_altar_angels_and_demons, minmay_bisected

Action                   || total
-------------------------++-------
Melee: Unarmed           ||    20
       Tailslap          ||     1
 Cast: Magic Dart        ||     4
Armor: Skin              ||     3
Dodge: Dodged            ||    15
